 Dungeon Crawl Stone Soup version 0.30.0-2-g1aa4bd4387 (webtiles) character file.

Game seed: 42261964419876223

128 Cruella the Trooper (level 5, -1/41 HPs)
             Began as a Djinni Hedge Wizard on May 7, 2023.
             Was a Follower of Lugonu.
             Killed from afar by an orc wizard (6 damage)
             ... with a magic dart
             ... on level 4 of the Dungeon.
             The game lasted 00:15:24 (2257 turns).

Cruella the Trooper (Djinni Hedge Wizard)           Turns: 2257, Time: 00:15:27

Health: -1/41      AC:  3    Str:  9    XL:     5   Next: 33%
Gold:   140        EV: 12    Int: 17    God:    Lugonu [*.....] SH:  0 Dex: 13

rFire   + + .        r - +0 quarterstaff
rCold   x . .        (shield currently unavailable)
rNeg    . . .        o - +1 robe {Will+}
rPois   ∞            c - +0 hat
rElec   .            (no cloak)
rCorr   .            (no gloves)
SInv    .            (boots unavailable)
Will    +....        (no amulet)
Stlth   ++           (no ring)
HPRegen 0.26/turn    (no ring)
MPRegen 0.00/turn

%: infuse magic (-2 HP)
@: brilliant, flying
A: sickness immunity, fire resistance 2, cold vulnerability 1, float, innate
caster, HP casting, extra vitality 1
a: Renounce Religion, Depart the Abyss


You were on level 4 of the Dungeon.
You worshipped Lugonu.
Lugonu was aware of your devotion.
You visited 1 branch of the dungeon, and saw 4 of its levels.

You collected 240 gold pieces.
You spent 100 gold pieces at shops.

Inventory:

Hand Weapons
 a - a +0 dagger
 r - a +0 quarterstaff (weapon)
Missiles
 d - 27 stones
 q - 2 atropa-tipped darts (quivered)
Armour
 b - a +0 robe
 c - a +0 hat (worn)
 o - a +1 robe of willpower (worn)
Scrolls
 e - a scroll of magic mapping {unknown}
 i - a scroll of vulnerability {unknown}
 j - a scroll of poison {unknown}
 m - 2 scrolls of identify {unknown}
 n - a scroll of enchant armour {unknown}
Potions
 f - a potion of attraction
 h - a potion of degeneration


   Skills:
 - Level 3.9 Fighting
 - Level 0.4 Short Blades
 - Level 0.6 Staves
 - Level 0.2 Throwing
 - Level 2.1 Dodging
 - Level 1.5 Stealth
 + Level 2.7 Spellcasting


You knew the following spells:

 Your Spells              Type           Power      Damage    Failure   Level
a - Magic Dart            Conj           68%        1d6       6%          1
b - Slow                  Hex            68%        N/A       6%          1
c - Blink                 Tloc           34%        N/A       9%          2
d - Call Imp              Summ           34%        N/A       9%          2
e - Mephitic Cloud        Conj/Pois/Air  17%        N/A       17%         3
f - Apportation           Tloc           34%        N/A       6%          1
g - Momentum Strike       Conj/Tloc      34%        3d8       9%          2
Your spell library was empty.

Dungeon Overview and Level Annotations

Branches:
Dungeon (4/15)             Temple (0/1) D:4

Altars:
Elyvilon
Lugonu

Shops:
D:1 !


Innate Abilities, Weirdness & Mutations

You are immune to sickness and miasma.
You are immune to poison.
Your flesh is very heat resistant. (rF++)
You are vulnerable to cold. (rC-)
You float through the air rather than walking.
You learn spells naturally, not from books.
Your magical power is your life essence.
You have superior vitality. (+4 MHP)


Message History

The orc appears confused.
The orc wizard barely misses you.
Throw: 3 darts (atropa)
Press: ? - help, Q - select action, (/) - cycle Shift-Dir - straight line, f/p - orc wizard
Aim: an orc wizard, wielding a +0 dagger and wearing a +0 robe (moderately wounded, 50% to hit, chance to blind on hit: 83%)
You throw an atropa-tipped dart.
The atropa-tipped dart hits the orc wizard.
The orc wizard appears confused.
The orc wizard is moderately wounded.
The orc wizard seems less confused.
The orc closely misses you.
The orc wizard hits you with a +0 dagger.
* * * LOW HITPOINT WARNING * * *
You strike the helpless orc wizard from behind!
You hit the orc wizard.
The orc wizard is heavily wounded.
The orc barely misses you.
The orc hits the orc with a +0 club.
The orc barely misses you.
You barely miss the orc wizard.
The orc wizard is heavily wounded.
The orc wizard hits you with a +0 dagger.
* * * LOW HITPOINT WARNING * * *
The orc barely misses you.
You hit the orc wizard.
The orc wizard is severely wounded.
The orc wizard is no longer blind.
The orc wizard hits you with a +0 dagger.
* * * LOW HITPOINT WARNING * * *
The orc hits you with a +0 morningstar.
* * * LOW HITPOINT WARNING * * *
The orc wizard barely misses you.
You feel better. The orc misses you. The orc wizard casts a spell at you.
The magic dart hits you.
* * * LOW HITPOINT WARNING * * *
You hit the orc wizard.
The orc wizard is almost dead.
The orc closely misses you.
A worm comes into view.
The orc wizard gestures at you while chanting.
The magic dart hits you.
You die...

........ #o..~~.
.......###.).ooo.
......#..'..⌠~⌠..
#..w##...~~.. ......
##..# #...~~. ......
##)## #...~~ .>......
##o## #...~ .......#
#o.## #... .......
##@o####.. ......# ###
##o#..##.
......####.######.....##
.....#...#.....###.....#
#......#.........#.#####
##.....#...........##
#....###...........##
##...................#
#...#.....#..........##


You could see a worm (wandering), an orc wizard and 3 orcs.

Vanquished Creatures
  7 adders
  3 worms
  2 orcs
  2 ball pythons
  5 endoplasms
  2 giant cockroaches (D:1)
  3 goblins (D:2)
  5 hobgoblins
  8 jackals
  6 quokkas
  6 bats
  4 frilled lizards
  4 kobolds
  2 rats (D:1)
59 creatures vanquished.

Vanquished Creatures (others)
  An endoplasm (D:4)
  A quokka (D:4)
2 creatures vanquished.

Grand Total: 61 creatures vanquished

Notes
Turn   | Place    | Note
-------+----------+-------------------------------------------
     0 | D:1      | Cruella the Djinni Hedge Wizard began the quest for the
                  | Orb.
     0 | D:1      | Cruella set off with the following spells memorised: Magic
                  | Dart, Slow, Blink, Call Imp, Mephitic Cloud.
     0 | D:1      | Reached XP level 1. HP: 15/15 MP: 0/0
   196 | D:1      | Reached skill level 1 in Fighting
   200 | D:1      | Reached XP level 2. HP: 15/22 MP: 0/0
   430 | D:1      | Reached skill level 2 in Fighting
   484 | D:1      | Found Veh Hiy's Distillery.
   492 | D:1      | Bought a potion of attraction for 30 gold pieces
   492 | D:1      | Bought a potion of curing for 30 gold pieces
   492 | D:1      | Bought a potion of degeneration for 10 gold pieces
   538 | D:1      | Reached XP level 3. HP: 20/28 MP: 0/0
   538 | D:1      | Learned a level 1 spell: Apportation
   551 | D:1      | Bought a potion of curing for 30 gold pieces
  1389 | D:2      | Reached skill level 3 in Fighting
  1389 | D:2      | Reached XP level 4. HP: 22/35 MP: 0/0
  1647 | D:3      | Found a faded altar of an unknown god.
  1664 | D:3      | Prayed at the altar of an unknown god.
  1664 | D:3      | Became a worshipper of Lugonu the Unformed
  1664 | D:3      | Reached * piety under Lugonu
  1897 | D:4      | Found a white marble altar of Elyvilon.
  2046 | D:4      | Reached XP level 5. HP: 41/41 MP: 0/0
  2046 | D:4      | Learned a level 2 spell: Momentum Strike
  2086 | D:4      | Found a staircase to the Ecumenical Temple.
  2168 | D:4      | Noticed a bullfrog
  2243 | D:4      | HP: 2/41 [orc wizard/magic dart (5)]
  2248 | D:4      | HP: 2/41 [orc wizard/+0 dagger (2)]
  2255 | D:4      | HP: 2/41 [orc/+0 morningstar (4)]
  2257 | D:4      | Killed from afar by an orc wizard

Illustrated notes

Levels and vault maps discovered:
D:1:      pf_arrival_petrified_forest, layout_loops_ring, serial_shops, shop,
          grunt_decor_resistance
D:2:      layout_rooms, minmay_liquid_box, serial_bayou_pond_e
D:3:      layout_basic, ebering_ecumenical_altar_abandoned
D:4:      layout_cave_pods, elyvilon_altar_4, minmay_temple_entry_tees,
          serial_column_ruins, column_ruins_columns_dead_end,
          column_ruins_open_medium, column_ruins_grid_1,
          column_ruins_corridor_straight, kennysheep_diamond,
          kennysheep_generic_room_2

Skill      XL: |  1  2  3 |
---------------+----------+-----
Fighting       | 1 2 3 |  3.9
Short Blades   | |  0.4
Staves         | |  0.6
Throwing       | |  0.2
Dodging        | |  2.1
Stealth        | |  1.5
Spellcasting   | |  2.7

Action                     |  1- 3 |  4- 6 || total
---------------------------+-------+-------++-------
  Melee: Dagger            |   135 |     7 ||   142
         Quarterstaff      |       |    92 ||    92
  Throw: Dart              |       |     2 ||     2
   Cast: Magic Dart        |    54 |    20 ||    74
         Mephitic Cloud    |       |     1 ||     1
         Call Imp          |       |     1 ||     1
    Use: Potion            |       |     7 ||     7
   Stab: Sleeping          |     1 |     4 ||     5
         Invisible         |       |     1 ||     1
 Armour: Robe              |    51 |    34 ||    85
  Dodge: Dodged            |   141 |    97 ||   238
